 Dungeon Crawl Stone Soup version 0.17-a0-288-gaf424a4 (webtiles) character file.

296 RobertPalmer the Cudgeler (level 6, 0/53 HPs)
             Began as an Ogre Wizard on Mar 30, 2015.
             Slain by a hound (4 damage)
             ... on level 4 of the Dungeon.
             The game lasted 00:13:15 (4116 turns).

RobertPalmer the Cudgeler (Ogre Wizard)             Turns: 4116, Time: 00:13:15

Health: 0/53       AC:  3    Str: 13    XL:     6   Next: 34%
Magic:  5/9        EV: 12    Int: 17    God:
Gold:   187        SH:  0    Dex: 12    Spells: 4 memorised, 6 levels left

rFire  . . .     SeeInvis .     a - +1 flail (drain)
rCold  . . .     Clarity  .     k - +0 robe
rNeg   . . .     SustAb   .     (no shield)
rPois  .         Gourm    .     b - +0 hat
rElec  .         Spirit   .     (no cloak)
rCorr  .         Warding  .     (gloves unavailable)
rMut   .         Stasis   .     (boots unavailable)
MR     .....                    g - amulet of regeneration {+regen, !d}
Stlth  ++........               A - +2 ring of evasion
                                B - +2 ring of dexterity

@: repel missiles, not resistant to hostile enchantments, unstealthy
A: unfitting armour, tough skin 1
a: no special abilities


You were on level 4 of the Dungeon.
You were not hungry.

You visited 1 branch of the dungeon, and saw 4 of its levels.

You collected 187 gold pieces.

Inventory:

Hand weapons
 a - a +1 flail of draining (weapon)
   (You took it off a gnoll on level 3 of the Dungeon)
 C - a +0 flail of pain
   (You took it off an orc on level 3 of the Dungeon)
Missiles
 w - 14 poisoned needles
Armour
 b - a +0 hat (worn)
 k - a +0 robe (worn)
Jewellery
 g - an amulet of regeneration (around neck) {+regen, !d}
   (You found it on level 1 of the Dungeon)
 h - an uncursed ring of sustain abilities {SustAb}
   (You found it on level 3 of the Dungeon)
 s - an uncursed ring of poison resistance {rPois, !d}
   (You found it on level 2 of the Dungeon)
 A - a +2 ring of evasion (right hand)
   (You found it on level 2 of the Dungeon)
 B - a +2 ring of dexterity (left hand)
   (You found it on level 2 of the Dungeon)
Magical devices
 x - a wand of random effects (0)
   (You found it on level 2 of the Dungeon)
Scrolls
 e - a scroll of amnesia {unknown}
 f - a scroll of random uselessness
 n - a scroll of magic mapping {unknown}
 t - a scroll of enchant armour {unknown}
 u - a scroll of identify
 y - a scroll of noise {unknown}
 z - a scroll of remove curse {unknown}
Potions
 i - a potion of agility
 j - a potion of haste {unknown}
 m - a potion of magic
 o - a potion of lignification {unknown}
 p - a potion of heal wounds {unknown}
 q - a potion of restore abilities {unknown}
 v - a potion of might {unknown}
Books
 c - a book of Minor Magic
Comestibles
 d - 3 meat rations {@e2}
 r - a bread ration {@e1}


   Skills:
 + Level 7.5 Maces & Flails
 - Level 1.9 Dodging
 - Level 1.5 Stealth
 - Level 4.1 Spellcasting
 - Level 0.6 Conjurations
 - Level 0.6 Summonings
 - Level 0.6 Translocations


You had 6 spell levels left.
You knew the following spells:

 Your Spells              Type           Power        Failure   Level  Hunger
b - Blink                 Tloc           N/A          21%         2    ##.....
c - Call Imp              Summ           #.......     21%         2    ##.....
d - Repel Missiles        Chrm/Air       #.....       24%         2    ##.....
z - Magic Dart            Conj           #...         14%         1    None


Dungeon Overview and Level Annotations

Branches:
Dungeon (4/15)             Temple (0/1) D:4

Altars:
Dithmenos
Nemelex Xobeh
Xom


Innate Abilities, Weirdness & Mutations

You are too large for most types of armour.
You have tough skin (AC +1).


Message History

(D) Dungeon
Where to? (Enter - D:3 @ (x,y), ? - help)
There is a stone staircase leading down here.
You climb downwards.
A hound and an orc come into view.
The hound barks!
Found two items.
Found a staircase to the Ecumenical Temple.
There is a stone staircase leading up here.
A beastly little devil appears in a puff of flame.
You now have 7/9 mp.
A beastly little devil appears in a puff of frigid air.
The hound bites your white imp.
You now have 5/9 mp.
The hound bites your white imp.
The hound pauses to sniff the ground.
The hound bites your white imp.
Your white imp misses the hound.
The hound bites your white imp but does no damage.
Your crimson imp hits the orc.
The orc hits your crimson imp with a flail.
Your white imp hits the hound.
Your white imp freezes the hound.
Some of the chunks of flesh in your inventory have rotted away.
The hound bites your white imp.
Your crimson imp hits the orc.
The orc dies!
The hound bites your white imp.
Your white imp dies!
Your crimson imp blinks!
A kobold comes into view. It is wielding a short sword.
The kobold throws a stone.
The stone closely misses you. The hound bites you.
You take 1 damage, and have 52/53 hp.
The hound bites you.
You take 2 damage, and have 50/53 hp.
The hound bites you.
An iguana comes into view.
You take 3 damage, and have 47/53 hp.
You closely miss the kobold.
Your crimson imp completely misses the hound.
The hound bites you. The kobold hits you with a short sword.
You take 5 damage, and have 42/53 hp.
You barely miss the kobold. The hound barely misses you.
Your crimson imp barely misses the hound.
The kobold hits you with a short sword. The hound bites you but does no damage.
You take 1 damage, and have 41/53 hp.
You hit the kobold. You drain the kobold!
You kill the kobold!
Your crimson imp blinks!
The hound bites you.
You take 3 damage, and have 38/53 hp.
A beastly little devil appears in a puff of frigid air.
The hound bites you. The iguana bites you. The hound bites you.
You take 7 damage, and have 31/53 hp.
You now have 4/9 mp.
You barely miss the iguana. The hound misses you. The iguana bites you!
Your white imp barely misses the iguana.
You take 9 damage, and have 22/53 hp.
You barely miss the iguana. The hound barely misses you.
Your crimson imp blinks!
The iguana misses you. The hound misses you.
Your white imp hits the iguana.
Your white imp freezes the iguana.
The iguana seems to slow down.
Unknown command.
You sock the iguana! The hound bites you but does no damage.
The iguana bites you but does no damage.
Your white imp barely misses the iguana.
You hit the iguana. You drain the iguana! The hound barely misses you.
The hound bites you but does no damage.
Your white imp hits the iguana but does no damage.
You hit the iguana but do no damage. The hound barely misses you.
The iguana bites you.
Your white imp closely misses the iguana.
The hound bites you.
* * * LOW HITPOINT WARNING * * *
You take 8 damage, and have 15/53 hp.
Unknown command.
You hit the iguana but do no damage.
The iguana is no longer moving slowly.
Your crimson imp barely misses the iguana.
The hound bites you but does no damage. The iguana closely misses you.
Your white imp hits the iguana but does no damage.
You closely miss the hound. The hound bites you.
* * * LOW HITPOINT WARNING * * *
Your crimson imp barely misses the iguana.
The iguana misses you.
Your white imp gestures at the iguana.
The puff of frost hits the iguana.
The iguana appears unharmed.
The hound bites you.
* * * LOW HITPOINT WARNING * * *
All of the chunks of flesh in your inventory have rotted away.
You take 6 damage, and have 9/53 hp.
Read which item? (? for menu, Esc to quit)
Okay, then.
Drink which item? (? for menu, Esc to quit)
Okay, then.
A giant mite comes into view.
Your crimson imp hits the iguana but does no damage.
The hound bites you.
* * * LOW HITPOINT WARNING * * *
The iguana barely misses your crimson imp.
Your white imp hits the iguana but does no damage.
You take 5 damage, and have 4/53 hp.
Unknown command.
You sock the hound! The hound bites you.
You die...

##... .... . .###
#.## . . ..#.. .>
#....## .#.#
###...####.#...
.....s...........
#..<.(#
####.###5@...#
.......l.h.).#
..##.###5....#
........#
.#......##
..[.!....#
...........
##......... .
.."....


You could see an iguana, a hound, a giant mite, a friendly crimson imp and a
friendly white imp.

Vanquished Creatures
  A phantom (D:3)
  2 gnolls
  5 adders
  A giant mite (D:1)
  3 worms
  An ooze (D:1)
  3 orcs (D:3)
  A ball python (D:1)
  3 giant cockroaches
  7 hobgoblins
  2 jackals (D:2)
  5 kobolds
  5 bats
  2 giant geckos (D:1)
  3 giant newts
  5 goblins
  9 rats
58 creatures vanquished.

Vanquished Creatures (collateral kills)
  An orc wizard (D:3)
  2 orc priests (D:3)
  An adder (D:2)
  A giant gecko (D:2)
  4 orcs
  A hobgoblin (D:2)
  2 jackals (D:2)
  A bat (D:2)
  A goblin (D:2)
  A quokka (D:2)
  A butterfly (D:2)
16 creatures vanquished.

Vanquished Creatures (others)
  2 white imps
  5 butterflies (D:3)
7 creatures vanquished.

Grand Total: 81 creatures vanquished

Notes
Turn   | Place    | Note
--------------------------------------------------------------
     0 | D:1      | RobertPalmer, the Ogre Wizard, began the quest for the Orb.
     0 | D:1      | Reached XP level 1. HP: 16/16 MP: 4/4
   262 | D:1      | Reached skill level 4 in Spellcasting
   262 | D:1      | Reached XP level 2. HP: 22/24 MP: 2/5
   414 | D:1      | Reached skill level 1 in Maces & Flails
   590 | D:1      | Reached skill level 2 in Maces & Flails
   700 | D:1      | Reached XP level 3. HP: 12/31 MP: 2/6
   997 | D:1      | Learned a level 2 spell: Blink
  1000 | D:1      | Learned a level 2 spell: Repel Missiles
  1003 | D:1      | Learned a level 2 spell: Call Imp
  1760 | D:2      | Reached skill level 3 in Maces & Flails
  1857 | D:2      | Found a shimmering altar of Xom.
  1894 | D:2      | Found a sparkling altar of Nemelex Xobeh.
  2131 | D:2      | Reached XP level 4. HP: 12/39 MP: 1/7
  2322 | D:2      | Reached skill level 4 in Maces & Flails
  2425 | D:3      | Noticed a phantom
  2965 | D:3      | HP: 7/39 [orc priest/divine providence (10)]
  2982 | D:3      | Reached skill level 5 in Maces & Flails
  2982 | D:3      | Reached XP level 5. HP: 19/45 MP: 1/8
  3065 | D:3      | Found a shadowy altar of Dithmenos.
  3309 | D:3      | Killed a phantom
  3309 | D:3      | Reached skill level 6 in Maces & Flails
  3688 | D:3      | Reached XP level 6. HP: 51/53 MP: 3/9
  3860 | D:3      | Reached skill level 7 in Maces & Flails
  4094 | D:4      | Found a staircase to the Ecumenical Temple.
  4114 | D:4      | HP: 12/53 [hound (4)]
  4115 | D:4      | HP: 4/53 [hound (6)]
  4116 | D:4      | Slain by a hound

Action                   |  1- 3 |  4- 6 || total
-------------------------+-------+-------++-------
Melee: Unarmed           |    17 |       ||    17
       Club              |   101 |    17 ||   118
       Flail             |       |   132 ||   132
 Cast: Magic Dart        |    53 |    10 ||    63
       Call Imp          |     6 |    28 ||    34
       Repel Missiles    |       |     1 ||     1
Evoke: Wand              |       |     8 ||     8
  Use: Scroll            |     4 |     6 ||    10
       Potion            |       |     3 ||     3
  Eat: Chunk             |     4 |     9 ||    13

Vault maps used:
D:1:      onia_arrival_handbag
D:2:      xom_butterflies, first_bread, nemelex_xobeh_ov_fountains_minmay
D:3:      overflow_temple_1_default
D:4:      lemuel_coloured_pillars_altar, minmay_temple_entry_crystal_x,
          hangedman_abyss_or_decor_stagger

Table legend:
 A = Turns spent in this place as a percentage of turns spent in the entire game.
 B = Non-inter-level travel turns spent in this place as a percentage of non-inter-level travel turns spent in the entire game.
 C = Inter-level travel turns spent in this place as a percentage of turns spent in this place.
 D = Turns resting spent in this place as a percentage of non-inter-level travel turns spent in this place.
 E = Turns spent auto-exploring this place as a percentage of non-inter-level travel turns spent in this place.
 F = Non-inter-level travel turns spent in this place divided by the number of levels of this place that you've seen.
                   A       B       C       D       E      F
               +-------+-------+-------+-------+-------+----------------------
         Total | 100.0 | 100.0 |   0.6 |   3.6 |   3.6 | 398.8
       Dungeon | 100.0 | 100.0 |   0.6 |   3.6 |   3.6 | 398.8
               +-------+-------+-------+-------+-------+----------------------

Table legend:
 A = Kills in this place as a percentage of kills in entire the game.
 B = Kills by you in this place as a percentage of kills by you in the entire game.
 C = Kills by friends in this place as a percentage of kills by friends in the entire game.
 D = Other kills in this place as a percentage of other kills in the entire game.
 E = Experience gained in this place as a percentage of experience gained in the entire game.
 F = Experience gained in this place divided by the number of levels of this place that you have seen.
                   A       B       C       D       E      F
               +-------+-------+-------+-------+-------+----------------------
         Total | 100.0 | 100.0 | 100.0 |  -nan | 100.0 | 105.8
       Dungeon | 100.0 | 100.0 | 100.0 |  -nan | 100.0 | 105.8
               +-------+-------+-------+-------+-------+----------------------
